 Dungeon Crawl Stone Soup version 0.29-a0-97-g88c9fad16d (webtiles) character file.

Game seed: 15136479233610238937

413 pokeman the Magician (level 6, -2/34 HPs)
             Began as a Deep Elf Hedge Wizard on Feb 14, 2022.
             Killed from afar by SirDiesAlot's ghost (8 damage)
             ... with a magic dart
             ... on level 4 of the Dungeon.
             The game lasted 00:10:06 (4043 turns).

pokeman the Magician (Deep Elf Hedge Wizard)        Turns: 4043, Time: 00:10:06

Health: -2/34      AC:  5    Str: 13    XL:     6   Next: 59%
Magic:  10/18      EV: 16    Int: 21    God:
Gold:   95         SH:  0    Dex: 14    Spells: 8/19 levels left

rFire   . . .      SeeInvis .   q - staff of conjuration
rCold   . . .      Faith    .   B - orb {mayhem}
rNeg    . . .      Spirit   .   x - +0 leather armour
rPois   .          Reflect  .   c - +0 hat
rElec   .          Harm     .   C - +0 cloak
rCorr   .          Rampage  .   g - +0 pair of gloves
Will    .....                   (no boots)
Stlth   ++........              s - amulet of magic regeneration
HPRegen 0.11/turn               r - +6 ring of strength
MPRegen 0.56/turn               j - +4 ring of evasion

@: no status effects
A: no striking features
a: no special abilities


You were on level 4 of the Dungeon.
You visited 1 branch of the dungeon, and saw 4 of its levels.

You collected 183 gold pieces.
You spent 88 gold pieces at shops.

Inventory:

Hand Weapons
 y - a +0 hand axe of venom
Missiles
 f - 19 bolts
 A - 40 arrows
 F - a throwing net
Armour
 c - a +0 hat (worn)
 g - a +0 pair of gloves (worn)
 x - a +0 leather armour (worn)
 B - an orb of mayhem (worn)
 C - a +0 cloak (worn)
Magical Staves
 q - a staff of conjuration (weapon)
Jewellery
 d - a ring of resist corrosion
 j - a +4 ring of evasion (right hand)
 r - a +6 ring of strength (left hand)
 s - an amulet of magic regeneration (around neck)
Wands
 u - a wand of polymorph (5)
 w - a wand of mindburst (16)
Scrolls
 b - 2 scrolls of fear {unknown}
 h - a scroll of teleportation {unknown}
 l - 3 scrolls of identify {unknown}
 m - a scroll of magic mapping {unknown}
 t - a scroll of blinking {unknown}
 v - a scroll of noise {unknown}
 z - a scroll of immolation {unknown}
 E - a scroll of fog {unknown}
Potions
 a - 3 potions of curing
 e - 3 potions of flight {unknown}
 i - a potion of magic {unknown}
 k - a potion of degeneration {unknown}
 n - a potion of resistance {unknown}
 o - a potion of haste {unknown}
 p - a potion of might {unknown}
 D - a potion of heal wounds


   Skills:
 + Level 1.1 Fighting
 - Level 1.0 Armour
 - Level 3.0 Dodging
 - Level 3.0 Stealth
 * Level 7.2 Spellcasting
 + Level 3.3 Conjurations
 - Level 1.1 Summonings
 - Level 1.1 Translocations
 + Level 1.4 Fire Magic
 - Level 1.0 Air Magic
 - Level 1.1 Poison Magic
 - Level 1.1 Evocations


You had 8 spell levels left.
You knew the following spells:

 Your Spells              Type           Power      Damage    Failure   Level
a - Magic Dart            Conj           100%       1d8       2%          1
b - Mephitic Cloud        Conj/Pois/Air  23%        N/A       16%         3
c - Call Imp              Summ           12%        N/A       11%         2
d - Blink                 Tloc           24%        N/A       11%         2
e - Conjure Flame         Conj/Fire      26%        6-21      12%         3

Your spell library contained the following spells:

 Spells                   Type           Power      Damage    Failure   Level
 Sting                    Tmut/Pois      40%        1d5       9%          1
 Slow                     Hex            28%        N/A       11%         1
 Poisonous Vapours        Pois/Air       24%        N/A       11%         2
 Ignite Poison            Fire/Tmut/Pois 11%        N/A       22%         3
 Sticky Flame             Conj/Fire      26%        2d5       38%         4
 Iskenderun's Mystic Bla  Conj/Tloc      25%        2d7       41%         4
 Fulminant Prism          Conj/Hex       10%        3d9       50%         4
 Olgreb's Toxic Radiance  Pois           12%        N/A       56%         4
 Leda's Liquefaction      Hex/Erth       3%         N/A       73%         4
 Lee's Rapid Deconstruct  Erth           3%         3d6*      97%         5
 Statue Form              Tmut/Erth      4%         N/A       100%        6


Dungeon Overview and Level Annotations

Branches:
Dungeon (4/15)
 Temple: D:4-7

Altars:

Shops:
D:4 !!!

Annotations:
D:4 SirDiesAlot's ghost, amateur DECj


Message History

Aim: SirDiesAlot's ghost (moderately damaged, ally target, 100% to hit)
You feel a surge of power!
The magic dart hits SirDiesAlot's ghost.
SirDiesAlot's ghost is heavily damaged.
SirDiesAlot's ghost hits you.
Your white imp closely misses SirDiesAlot's ghost.
Casting: Magic Dart (safe; 2% risk of failure)
Confirm with . or Enter, or press ? or * to list all spells.
Aiming: Magic Dart (safe; 2% risk of failure)
Press: ? - help, Shift-Dir - straight line, f/p - SirDiesAlot's ghost
Aim: SirDiesAlot's ghost (heavily damaged, ally target, 100% to hit)
You feel a surge of power!
The magic dart hits SirDiesAlot's ghost.
SirDiesAlot's ghost is heavily damaged.
SirDiesAlot's ghost casts a spell at you.
The magic dart hits you.
Your white imp misses SirDiesAlot's ghost.
Casting: Magic Dart (safe; 2% risk of failure)
Confirm with . or Enter, or press ? or * to list all spells.
Aiming: Magic Dart (safe; 2% risk of failure)
Press: ? - help, Shift-Dir - straight line, f/p - SirDiesAlot's ghost
Aim: SirDiesAlot's ghost (heavily damaged, ally target, 100% to hit)
You feel a surge of power!
The magic dart hits SirDiesAlot's ghost but does no damage.
SirDiesAlot's ghost is heavily damaged.
SirDiesAlot's ghost points at you and mumbles some strange words.
The magic dart hits you!
* * * LOW HITPOINT WARNING * * *
Your white imp hits SirDiesAlot's ghost but does no damage.
Casting: Magic Dart (safe; 2% risk of failure)
Confirm with . or Enter, or press ? or * to list all spells.
Aiming: Magic Dart (safe; 2% risk of failure)
Press: ? - help, Shift-Dir - straight line, f/p - SirDiesAlot's ghost
Aim: SirDiesAlot's ghost (heavily damaged, ally target, 100% to hit)
You feel a surge of power!
The magic dart hits SirDiesAlot's ghost but does no damage.
SirDiesAlot's ghost is heavily damaged.
SirDiesAlot's ghost gestures at you while chanting.
The magic dart hits you!
You die...

#......#.#.##.##+#...# #
#......#...##.##.#...# #
#......#.........'...# #
#......#.#.##.##.#...# #
#......#.#.......###.#######
###.............######........
#.#.##.##...#########....#####
#.............#.....#.........
###.####.......@W≈≈≈≈$#.........
#...............#5....#.....##..
#.#.#.....#^#...#######........#
#.#.#.......#..## #.............
#.#.#.....###..# ######.#####.#
#.#.#.....###..# #.# #.#
#.#.#..........# ######.# #.#
#.#.#.........## #......# #.#
#........###..# #.###### #.#


You could see SirDiesAlot's ghost (ally target) and a friendly white imp
(summoned).

Vanquished Creatures
  A sky beast (D:3)
  2 scorpions (D:4)
  A hound (D:4)
  Ijyb (D:3)
  An orc wizard (D:3)
  A howler monkey zombie (D:4)
  4 adders
  A dart slug (D:1)
  7 orcs
  7 endoplasms
  2 giant cockroaches (D:2)
  9 goblins
  6 hobgoblins
  4 jackals (D:1)
  5 quokkas
  7 ball pythons
  A bat (D:2)
  13 frilled lizards
  3 kobolds
  5 rats
81 creatures vanquished.

Vanquished Creatures (others)
  4 plants
4 creatures vanquished.

Grand Total: 85 creatures vanquished

Notes
Turn   | Place    | Note
-------+----------+-------------------------------------------
     0 | D:1      | pokeman the Deep Elf Hedge Wizard began the quest for the
                  | Orb.
     0 | D:1      | Reached XP level 1. HP: 10/10 MP: 7/7
   211 | D:1      | Reached XP level 2. HP: 7/15 MP: 2/9
  1382 | D:2      | Reached skill level 5 in Spellcasting
  1741 | D:2      | Reached XP level 3. HP: 20/20 MP: 9/11
  1746 | D:2      | Learned a level 3 spell: Mephitic Cloud
  1749 | D:2      | Learned a level 2 spell: Call Imp
  1752 | D:2      | Learned a level 2 spell: Blink
  1756 | D:2      | Learned a level 3 spell: Conjure Flame
  2041 | D:3      | Reached skill level 1 in Fighting
  2043 | D:3      | Reached skill level 1 in Armour
  2052 | D:3      | Noticed Ijyb
  2250 | D:3      | Reached XP level 4. HP: 25/25 MP: 10/13
  2273 | D:3      | Killed Ijyb
  2445 | D:3      | Found a faded altar of an unknown god.
  2469 | D:3      | Reached skill level 1 in Fire Magic
  2943 | D:3      | Noticed a sky beast
  2955 | D:3      | Killed a sky beast
  2956 | D:3      | Reached skill level 6 in Spellcasting
  2956 | D:3      | Reached skill level 1 in Air Magic
  2956 | D:3      | Reached XP level 5. HP: 19/29 MP: 13/15
  3397 | D:4      | Reached XP level 6. HP: 34/34 MP: 11/17
  3435 | D:4      | Reached skill level 7 in Spellcasting
  3435 | D:4      | Reached skill level 1 in Poison Magic
  3435 | D:4      | Reached skill level 1 in Evocations
  3565 | D:4      | Found Pichuf's Distillery.
  3575 | D:4      | Bought a potion of heal wounds for 55 gold pieces
  3575 | D:4      | Bought a potion of curing for 33 gold pieces
  3694 | D:4      | Found Xuann's Distillery.
  3832 | D:4      | Found Wyrish's Distillery.
  4004 | D:4      | Found a runed translucent door.
  4027 | D:4      | Noticed SirDiesAlot's ghost (amateur DECj)
  4043 | D:4      | Killed from afar by SirDiesAlot's ghost

Illustrated notes

Levels and vault maps discovered:
D:1:      lightli_arrival_statuegarden, layout_loops_ring, serial_forest,
          infiniplex_forest_lined_1, infiniplex_forest_corner_2,
          infiniplex_forest_lined_ring, infiniplex_forest_straight_2,
          infiniplex_forest_pool, infiniplex_forest_side_room,
          infiniplex_forest_end_2
D:2:      layout_basic, chequers_serial_rivers_micro_b
D:3:      kennysheep_the_goblin_king, layout_basic,
          shapermc_ecumenical_altar_acropolis, minmay_lizard_king
D:4:      layout_basic, ebering_ghost_reflecting_pool, serial_shops,
          nicolae_shop_statue_plus, nicolae_shop_window_shopping,
          nicolae_shop_hallway_plus

Skill      XL: |  1  2  3  4  5  6 |
---------------+-------------------+-----
Spellcasting   | 5 6 7 |  7.2
Fighting       | 1 |  1.1
Armour         | 1 |  1.0
Conjurations   | 2 3 |  3.3
Dodging        | 3 |  3.0
Fire Magic     | 1 |  1.4
Stealth        | 3 |  3.0
Air Magic      | 1 |  1.0
Poison Magic   | 1 |  1.1
Evocations     | 1 |  1.1
Summonings     | |  1.1
Translocations | |  1.1

Action                   |  1- 3 |  4- 6 || total
-------------------------+-------+-------++-------
Melee: Mace              |     5 |       ||     5
       Staff             |       |     8 ||     8
 Cast: Magic Dart        |    94 |    83 ||   177
       Conjure Flame     |       |     6 ||     6
       Mephitic Cloud    |       |     4 ||     4
       Call Imp          |       |     1 ||     1
 Stab: Sleeping          |     1 |       ||     1
Armor: Leather armour    |       |     3 ||     3
Dodge: Dodged            |    19 |     5 ||    24

Table legend: (Time is in decaauts)
 A = Elapsed time spent in this place.
 B = Non-inter-level travel time spent in this place.
 C = Inter-level travel time spent in this place.
 D = Time resting spent in this place.
 E = Time spent auto-exploring this place.
 F = Levels seen in this place.
 G = Mean time per level.
                   A        B        C        D        E       F      G
               +--------+--------+--------+--------+--------+-----+--------+
         Total |   4044 |   3962 |     82 |    191 |   3240 |   4 | 1011.0 |
       Dungeon |   4044 |   3962 |     82 |    191 |   3240 |   4 | 1011.0 |
               +--------+--------+--------+--------+--------+-----+--------+

Top non-repeatable levels by time:
     D:3: 1405 daAuts
     D:1: 1031 daAuts
     D:2: 895 daAuts
     D:4: 712 daAuts
